Description

A Standard Build Order that could change depending on what unit you want to play

Build Order

Get SALT Encoding   

  12  0:01  Drone  
  13  0:15  Overlord  
  13  0:20  Drone  
  14  0:34  Drone x2  
  16  0:40  Drone  One rally to the natural
  17  0:53  Hatchery  
  16  0:59  Drone x2  Rally one to Gas one to Pool
  18  1:12  Extractor  
  17  1:15  Spawning Pool  
  16  1:30  Drone x3  Rally to Gas
  19  1:40  Drone  To Natural
  20  1:52  Overlord  
  20  2:04  Queen x2  For injects
  24  2:05  Zergling x4  For Scout
  26  2:10  Drone  Drone until sat. natural
  28  2:15  Metabolic Boost  
  30  2:34  Overlord  
  32  2:40  Queen x2  
  36  2:51  Overlord  
  46  3:20  Lair  of Main
  48  3:30  Extractor x3  
  52  3:50  Overlord x2  
  58  4:15  Zergling x12  
  70  4:20  Evolution Chamber  
  69  4:25  Roach Warren  Whatever you want Hy/Ro/Mu
  68  4:30  Overlord x2  
  68  4:50  Zerg Missile Weapons Level 1  Attack +1 or (melee +1 for lings when Mu)
  68  4:55  Glial Reconstitution  Speed for the unit (+1 att when Mu)
  68  5:00  Roach x6  Units and more units
  80  5:05  Overlord  For every set of units 1 or 2 Ov
  80  5:20  Zergling  For leftover lava
  85  5:30  Hatchery  Attack and transition to 3rd B for Mid Game
Spawning Tool Build Advisor. Get it on Overwolf

Go to:

Details

  • Created by: RXCAs
  • Published on: Nov 12, 2022
  • Modified on: Nov 13, 2022
  • Patch: 4.11.0
  • Difficulty: Easy
Show
View Real Time Build Order
Export as new Build Order

Comments (0)

There are no comments. Be the first!

Create an account to comment!